 Dungeon Crawl Stone Soup version 0.31.0-12-g77e489cdc1 (webtiles) character file.

Game seed: 15475682462013203000

530 monsoonserge the Sneak (level 7, -4/46 HPs)
             Began as an Octopode Delver on Mar 4, 2024.
             Was an Initiate of Gozag.
             Slain by a wyvern (13 damage)
             ... on level 6 of the Dungeon.
             The game lasted 00:11:40 (3774 turns).

monsoonserge the Sneak (Octopode Delver)            Turns: 3774, Time: 00:11:41

Health: -4/46      AC:  1    Str: 13    XL:     7   Next: 24%
Magic:  7/7        EV: 14    Int: 18    God:    Gozag
Gold:   754        SH:  0    Dex: 14    Spells: 6/6 levels left

rFire   . .          .
                       - Unarmed
rCold   . . .        (no shield)
rNeg    . . .        (helmet restricted)
rPois   .            (no amulet)
rElec   .            k - ring of see invisible
rCorr   .            s - +6 ring of intelligence
SInv    +            (no ring)
Will    .....        (no ring)
Stlth   ++++         (no ring)
HPRegen 0.27/turn    (no ring)
MPRegen 0.10/turn    (no ring)
                     (no ring)

%: no passive effects
@: hasted, very quick
A: almost no armour, amphibious, 8 rings, camouflage 1, gelatinous body 1,
(nimble swimmer 1), tentacles
a: Renounce Religion, Potion Petition, Call Merchant, Bribe Branch


You were on level 6 of the Dungeon.
You worshipped Gozag.
Gozag was pleased with you.
You visited 2 branches of the dungeon, and saw 7 of its levels.

You collected 757 gold pieces.
You paid 3 gold pieces to Gozag.

Inventory:

Missiles
 h - 6 darts of dispersal (quivered)
 r - 6 poisoned darts
Jewellery
 j - a ring of ice
 k - a ring of see invisible (left tentacle)
 s - a +6 ring of intelligence (right tentacle)
Wands
 e - a wand of digging (3)
 f - a wand of mindburst (18)
Scrolls
 a - a scroll of fog
 l - 2 scrolls of teleportation {unknown}
 m - a scroll of poison {unknown}
 n - a scroll of identify {unknown}
 o - a scroll of silence {unknown}
 p - 2 scrolls of noise {unknown}
 q - a scroll of revelation
 u - a scroll of blinking {unknown}
 v - a scroll of immolation {unknown}
Potions
 b - 2 potions of mutation {unknown}
 c - a potion of ambrosia {unknown}
 d - a potion of haste
 g - a potion of heal wounds {unknown}
 i - a potion of cancellation {unknown}
 t - 3 potions of attraction {unknown}
 w - 2 potions of curing {unknown}


   Skills:
 + Level 3.0 Fighting
 + Level 3.4 Dodging
 - Level 7.0 Stealth
 + Level 6.8 Unarmed Combat
 - Level 1.0 Evocations


You had 6 spell levels left.
You didn't know any spells.
Your spell library contained the following spells:

 Spells                   Type           Power      Damage    Failure   Level
 Apportation              Tloc           0%         N/A       22%         1
 Blink                    Tloc           0%         N/A       32%         2
 Ensorcelled Hibernation  Hex/Ice        0%         N/A       32%         2
 Jinxbite                 Hex            0%         N/A       32%         2
 Lesser Beckoning         Tloc           0%         N/A       32%         2
 Mercury Vapours          Alch/Air       0%         N/A       32%         2
 Momentum Strike          Conj/Tloc      0%         3d8       32%         2
 Passwall                 Erth           0%         N/A       54%         3
 Swiftness                Air            0%         N/A       54%         3
 Leda's Liquefaction      Alch/Erth      0%         N/A       91%         4
 Petrify                  Alch/Erth      0%         N/A       91%         4
 Alistair's Intoxication  Alch           0%         N/A       99%         5
 Eringya's Noxious Bog    Alch           0%         4d6       100%        6


Dungeon Overview and Level Annotations

Branches:
Dungeon (6/15)             Temple (1/1) D:5

Altars:
Ashenzari
Dithmenos
Elyvilon
Fedhas
Gozag
Makhleb
Nemelex Xobeh
Qazlal
Ru
Sif Muna
Trog
Uskayaw
Vehumet
Xom
Zin

Annotations:
D:4 Dowan, Duvessa


Innate Abilities, Weirdness & Mutations

You cannot wear most types of armour.
You are amphibious.
You can wear up to eight rings at the same time.
Your skin changes colour to match your surroundings (Stealth+).
Your rubbery body absorbs attacks. (AC +1, EV +1)
((You are camouflaged when in or above water. (Stealth+)))
You have tentacles for arms and can constrict up to eight enemies at once.


Message History

There is a stone staircase leading down, spattered with blood here.
You bludgeon the orc!
You kill the orc!
You now have 729 gold pieces (gained 4).
You see here a +0 hand axe.
There is a stone staircase leading down, spattered with blood here.
You climb downwards.
There is a stone staircase leading up here.
You start resting.
HP restored.
There is a stone staircase leading up here.
Found 5 stones.
You see here 5 stones.
You now have 745 gold pieces (gained 16).
An orc is nearby!
You see here 3 gold pieces.
You now have 748 gold pieces (gained 3).
The orc closely misses you.
You barely miss the orc. You grab the orc. You tentacle-slap the orc.
The orc is heavily wounded.
You constrict the orc. The orc closely misses you.
You bludgeon the orc!
You kill the orc!
You now have 754 gold pieces (gained 6).
You see here a +0 flail.
There is a stone staircase leading down here.
There is a stone staircase leading down here.
You see here a +0 leather armour.
You see here a +0 flail.
The wyvern hisses angrily.
The wyvern bites you!
You tentacle-slap the wyvern but do no damage.
Your tentacle-slap misses the wyvern.
The wyvern bites you!
You tentacle-slap the wyvern.
The wyvern is lightly wounded.
The wyvern bites you!
* * * LOW HITPOINT WARNING * * *
You feel yourself speed up. The wyvern bites you!
You die...
Your body crumbles into a pile of gold.

#...##.# # #######...##.#
## #.........##.# .#
#.######..##.#
.####.######..##.#########
...............#.##......#
..###.#........#.##.####.#
.[###.....).........####.#
....#...####.#.#@#..#<...#
#...##..# #.#.#k#......##
###.....# #.#.#....#.#.#
#>.##.####.#.##...#.#.#
#.###......#.##...#.#.#
###.##########.#....#.#..
...............#..#...#..
###.############..#####..#
....# ... ..#


You could see a wyvern.

Vanquished Creatures
  A centaur (D:6)
  A bullfrog (D:6)
  A scorpion (D:6)
  A bombardier beetle (D:3)
  A hound (D:4)
  An orc priest (D:5)
  An iguana (D:5)
  A sleepcap (D:5)
  8 adders
  A white imp (D:6)
  2 ufetubi (D:6)
  7 orcs
  7 ball pythons
  8 bats
  3 endoplasms
  2 giant cockroaches
  8 goblins
  10 hobgoblins
  6 jackals (D:5)
  3 quokkas
  3 frilled lizards
  4 kobolds
  6 rats
86 creatures vanquished.

Notes
Turn   | Place    | Note
-------+----------+-------------------------------------------
     0 | D:5      | monsoonserge the Octopode Delver began the quest for the
                  | Orb.
     0 | D:5      | Reached XP level 1. HP: 16/16 MP: 1/1
    56 | D:5      | Reached skill level 7 in Stealth
    56 | D:5      | Reached XP level 2. HP: 16/21 MP: 2/2
    83 | D:5      | Found a staircase to the Ecumenical Temple.
    92 | Temple   | Entered the Ecumenical Temple
   110 | Temple   | Became a worshipper of Gozag Ym Sagoz the Greedy
   269 | D:2      | Reached skill level 1 in Evocations
   396 | D:1      | Found a faded altar of an unknown god.
   403 | D:1      | Reached XP level 3. HP: 22/26 MP: 3/3
   897 | D:2      | Got the Compilation of Concoctions and Obstruction
   950 | D:2      | Reached XP level 4. HP: 25/31 MP: 4/4
  1581 | D:3      | Reached XP level 5. HP: 29/36 MP: 5/5
  1849 | D:3      | Found a shadowy altar of Dithmenos.
  1869 | D:3      | Found a hide-covered altar of Uskayaw.
  2094 | D:3      | Found a white marble altar of Elyvilon.
  2129 | D:3      | Identified the +2 leather armour of the Original Sin
                  | {Dex+3}
  2215 | D:3      | Found a sacrificial altar of Ru.
  2544 | D:4      | Noticed Duvessa
  2546 | D:4      | Reached skill level 5 in Unarmed Combat
  2546 | D:4      | Noticed Dowan
  2674 | D:5      | Reached XP level 6. HP: 42/42 MP: 6/6
  2830 | D:5      | Noticed a black bear
  2949 | D:6      | Noticed a wyvern
  3173 | D:6      | Reached XP level 7. HP: 22/46 MP: 7/7
  3774 | D:6      | Slain by a wyvern

Illustrated notes

Levels and vault maps discovered:
D:1:      matt_arrival_refuge, layout_rooms, hellmonk_ecumenical_altar_run_dry
D:2:      layout_rooms, st_stairs_7, minmay_nonomino_d4
D:3:      layout_basic, lemuel_crystal_altar, nicolae_elyvilon_peaceful_grove,
          hangedman_ru_absence, nicolae_uskayaw_murder_on_the_dancefloor
D:4:      layout_loops_ring, minmay_box_of_dots, uniq_natasha, uniq_duvessa,
          uniq_eustachio, uniq_robin
D:5:      layout_loops_ring, slow_altar_2, minmay_temple_entry_glass,
          uniq_sigmund
D:6:      layout_basic
Temple:   minmay_temple_curvy_loop

Skill      XL: |  1  2  3  4  5  6 |
---------------+-------------------+-----
Stealth        | 7 |  7.0
Evocations     | 1 |  1.0
Unarmed Combat | 3 4 5 6 |  6.8
Dodging        | 3 |  3.4
Fighting       | |  3.0

Action                     |  1- 3 |  4- 6 |  7- 9 || total
---------------------------+-------+-------+-------++-------
  Melee: Unarmed           |    85 |   116 |    18 ||   219
         Constrict         |    22 |    28 |     6 ||    56
         Tentacles         |    12 |    24 |     4 ||    40
         Punch             |     1 |     4 |     2 ||     7
  Evoke: Wand              |       |     1 |       ||     1
    Use: Scroll            |     1 |     2 |       ||     3
         Potion            |       |       |     1 ||     1
   Stab: Sleeping          |     7 |    10 |     3 ||    20
         Distracted        |     1 |     2 |       ||     3
 Armour: Skin              |    35 |    43 |    13 ||    91
  Dodge: Dodged            |    73 |   108 |    14 ||   195
